[Event "Croatian 1A League 2022"]
[Site "Porec"]
[Date "2022.09.25"]
[Round "2.4"]
[White "Ostovic, Matija"]
[Black "Kuljasevic, Davorin"]
[Result "1/2-1/2"]
[ECO "D36"]
[WhiteElo "2386"]
[BlackElo "2560"]
[Annotator "TA"]
[PlyCount "79"]
[EventDate "2022.09.24"]
[EventType "team-tourn"]
[EventCountry "CRO"]
[SourceTitle "playchess.com"]
[Source "ChessBase"]
[SourceQuality "1"]
[TimeControl "40/5400+30:1800+30"]

1. d4 Nf6 2. c4 e6 3. Nc3 d5 4. Bg5 Be7 5. cxd5 exd5 6. e3 O-O 7. Bd3 c6 8. Qc2 h6 9. Bh4 a5 10. Nge2 $1 {[%emt 0:00:41] 10.Nge2 scores better than 10.Nf3. D36: Queen's Gambit Declined: Exchange Variation: Main line (5 Bg5 c6 6 Qc2).} Na6 11. a3 {[%emt 0:00:30] Prevents Nb4.} Re8 12. O-O {[%emt 0:01:08] White has an edge.} Nc7 13. f3 Ne6 {[%emt 0:02:29] [#]} 14. h3 $146 ({Predecessor:} 14. a4 b6 15. Rad1 Bb7 16. Kh1 c5 17. Bb5 Rf8 18. dxc5 bxc5 19. Bc4 Nc7 20. Ba2 {1-0 (60) Carlsen,M (2864)-Anton Guijarro,D (2691) chess24.com INT 2022}) 14... b5 15. Bf2 Bb7 16. e4 b4 17. Na4 dxe4 18. fxe4 c5 19. d5 Nxd5 20. Bb5 (20. Rad1 $1 $11 {was the only way to keep the balance.} Ndf4 21. Nxf4 Nxf4 22. Bb5) 20... Nf6 $17 21. Bxe8 Qxe8 ({Much worse is} 21... Bxe4 $6 22. Bxf7+ $1 Kxf7 23. Qb3 $11) 22. Ng3 Nd4 ({Black should play} 22... Bd6 $17 {aiming for ...Bxg3.} 23. Nf5 Bf8) 23. Bxd4 $11 cxd4 24. Qc7 $1 $36 {[%emt 0:07:02][%mdl 2048] White fights for an advantage.} Ba6 {[%emt 0:11:19] Hoping for ...Rc8. A strong pair of Bishops.} (24... Nxe4 $2 25. Nf5 Bf8 26. Qxb7 $18) 25. Nf5 Bxf1 26. Nxe7+ Kf8 (26... Kh7 $1 $11 27. Nb6 Bxg2) 27. Nb6 $16 {[%emt 0:02:12] White is more active.} Bxg2 (27... Qxe7 $16 28. Nxa8 Qxc7 29. Nxc7 Bc4) 28. Kxg2 (28. e5 $1 $18 {[%cal Re5f6] is the precise move to win.} Qxe7 29. Qxe7+ Kxe7 30. exf6+ Kxf6 31. Nxa8 Bxa8 32. axb4) 28... Rd8 {[%emt 0:00:25] [#]} 29. e5 $1 Qxe7 30. Qxe7+ Kxe7 31. exf6+ Kxf6 {[%emt 0:00:02][%mdl 4096] Endgame [#] KRN-KR} 32. a4 $1 Kg5 33. Nc4 Rd5 34. Kg3 f5 35. Rd1 ({Better is} 35. Rf1 $14) 35... f4+ $11 {[%emt 0:00:46] The position is equal.} 36. Kf3 {[%emt 0:00:23] And now Rg1+ would win.} Kf5 37. Nb6 Rd6 38. Nc4 Rd5 39. Nb6 Rd6 40. Nc4 {[%emt 0:00:00][%csl LRa5,LRd6] Weighted Error Value: White=0.13 (very precise) /Black=0.18 (very precise)} 1/2-1/2

[Event "Croatian 1A League 2022"]
[Site "Porec"]
[Date "2022.09.25"]
[Round "2.5"]
[White "Jovanic, Ognjen"]
[Black "Ivekovic, Zvonimir"]
[Result "1-0"]
[ECO "A90"]
[WhiteElo "2507"]
[BlackElo "2380"]
[Annotator "TA"]
[PlyCount "73"]
[EventDate "2022.09.24"]
[EventType "team-tourn"]
[EventCountry "CRO"]
[SourceTitle "playchess.com"]
[Source "ChessBase"]
[SourceQuality "1"]
[TimeControl "40/5400+30:1800+30"]

1. d4 e6 2. Nf3 f5 3. g3 Nf6 4. Bg2 d5 5. O-O Bd6 6. b3 Qe7 7. c4 c6 8. Bb2 O-O 9. Nbd2 {[%emt 0:06:10][%cal Bb1d2,Bd2f3,Bf3e1,Be1d3][%mdl 32] 9.Qc1 is more advanced technology.} Bd7 10. Ne5 {[%emt 0:02:58] A90: Dutch Defence: Miscellaneous and Modern Stonewall (with ...Bd6).} a5 11. Ndf3 Be8 12. Ne1 {[%emt 0:02:19] White is slightly better.} Nbd7 13. N1d3 {[%emt 0:00:33] [#]} g5 $146 ({Predecessor:} 13... h6 14. Qc2 g5 15. Rad1 Bh5 16. a4 Qh7 17. Rc1 Rfe8 18. f3 Bc7 19. Kh1 Rad8 20. Qd2 {½-½ (81) Schwetlick,T (2502)-Schwenck,M (2524) ICCF email 2018}) 14. Qc1 h6 15. f3 a4 16. c5 {[%emt 0:05:15] White is more active.} Bxe5 17. dxe5 Nh5 18. b4 f4 $1 19. g4 $36 {[%emt 0:01:27][%mdl 2048] White has the initiative.} Ng7 20. e3 Bg6 21. Nf2 b6 22. Bd4 (22. h4 $5 ) 22... bxc5 23. bxc5 Ra5 (23... Ne8 $11 {keeps the balance.}) 24. Qc3 ({White should try} 24. h4 $16) 24... Rxc5 (24... Ra7 $14) 25. Qa3 {[%emt 0:03:37][%mdl 64] [#] aiming for Rac1. Pin} Rf7 26. Bxc5 Qxc5 27. Qxc5 Nxc5 28. Rac1 Nd7 29. exf4 gxf4 {[%emt 0:03:41] [#] Black cannot hold the game after this.} (29... Rxf4 $16 30. Rxc6 Nxe5) 30. Rxc6 $18 {[%emt 0:01:36] Re1 is the strong threat.} Nxe5 31. Ra6 Nc4 32. Rc1 (32. Rxa4 $6 Ne8 33. Rc1 (33. Ra8 Rb7 $18) 33... Ned6 $18) 32... Rb7 33. Bf1 ({Don't take} 33. Rxa4 e5 34. Ra6 Kf7 $18) 33... Nb2 (33... Ne5 34. Kg2 (34. Rxa4 Nxf3+ 35. Kg2 Ne5 $16) 34... Be8) 34. Nh3 {[%emt 0:04:46] White is clearly winning.} Rb4 (34... Bd3 $142 35. Ra8+ (35. Nxf4 Bxa6 36. Bxa6 Rb4 $11) 35... Kf7 36. Nxf4 Bxf1) 35. Rc8+ Be8 36. Ra7 e5 37. Rcc7 {[%emt 0:02:19] Weighted Error Value: White=0.10 (very precise) /Black=0.40} 1-0

[Event "Croatian 1A League 2022"]
[Site "Porec"]
[Date "2022.09.25"]
[Round "2.6"]
[White "Zovko, Mario"]
[Black "Srbis, Jurica"]
[Result "1/2-1/2"]
[ECO "C47"]
[WhiteElo "2306"]
[BlackElo "2442"]
[Annotator "TA"]
[PlyCount "81"]
[EventDate "2022.09.24"]
[EventType "team-tourn"]
[EventCountry "CRO"]
[SourceTitle "playchess.com"]
[Source "ChessBase"]
[SourceQuality "1"]
[TimeControl "40/5400+30:1800+30"]

1. e4 e5 2. Nf3 Nc6 3. Nc3 Nf6 4. d4 exd4 5. Nxd4 Bb4 6. Nxc6 bxc6 7. Bd3 d5 8. exd5 cxd5 9. O-O O-O 10. Bg5 c6 11. Qf3 Rb8 {[%emt 0:00:12] 11...h6 is the modern continuation.} 12. Rab1 Bd6 13. Rfe1 h6 {[%emt 0:02:14] C47: Scotch Four Knights and Four Knights with 4 g3.} 14. Bxf6 Qxf6 15. Qxf6 gxf6 {[%emt 0:00:07] The position is equal.} 16. Ne2 c5 {[%emt 0:06:27] [#] Threatens to win with ...c4.} 17. b3 {[%emt 0:00:16] Prevents c4.} Be6 18. Ng3 Rfd8 19. Nf5 Bf8 20. Ne3 {[%emt 0:00:11] [#]} a5 $146 ({Predecessor:} 20... Rb6 21. Kf1 Rb4 22. c4 d4 23. Nf5 Rdb8 24. Ke2 a5 25. Kd2 a4 26. Kc2 Ra8 {½-½ (57) Ofner,M (2077)-Binder,M (2072) Woerth 2014}) 21. c4 d4 22. Nf1 a4 23. Nd2 Ra8 24. Rb2 axb3 25. axb3 Rdb8 26. f4 f5 27. Reb1 Ra3 28. Nf3 Bd6 29. g3 Kg7 30. Ne1 Bc7 ({Better is} 30... h5 $15) 31. Nc2 $11 Raa8 32. b4 cxb4 33. Rxb4 Rxb4 34. Rxb4 Bd6 35. Rb6 Bc5 36. Rb5 Rc8 37. Kf1 Ba7 38. Rb4 Bc5 39. Rb5 Bd7 40. Ra5 Bb6 41. Ra6 {[%emt 0:02:35] Weighted Error Value: White=0.04 (flawless) /Black=0.05 (flawless)} 1/2-1/2

[Event "Croatian 1A League 2022"]
[Site "Porec"]
[Date "2022.09.25"]
[Round "2.7"]
[White "Fedorchuk, Sergey A."]
[Black "Kozul, Zdenko"]
[Result "1-0"]
[ECO "B67"]
[WhiteElo "2617"]
[BlackElo "2549"]
[Annotator "TA"]
[PlyCount "81"]
[EventDate "2022.09.24"]
[EventType "team-tourn"]
[EventCountry "CRO"]
[SourceTitle "playchess.com"]
[Source "ChessBase"]
[SourceQuality "1"]
[TimeControl "40/5400+30:1800+30"]

1. e4 {[%emt 0:00:07] Kritz,Leonid} c5 2. Nf3 d6 3. d4 cxd4 4. Nxd4 Nf6 5. Nc3 Nc6 6. Bg5 e6 7. Qd2 a6 8. O-O-O Bd7 9. Kb1 h6 {[%emt 0:15:47] B67: Sicilian: Richter-Rauzer: 7...a6 8 0-0-0 Bd7, lines without 9 f4 Be7.} 10. Be3 Ng4 11. Nxc6 bxc6 {[%emt 0:09:18] White is slightly better.} 12. Bf4 $1 e5 13. Bg3 Be6 {[%emt 0:00:14] [#] Inhibits Bc4.} 14. f3 $146 ({Predecessor:} 14. Be2 Qb6 15. Rhf1 g5 16. h4 Rg8 17. hxg5 hxg5 18. Na4 Qc7 19. f3 Nf6 20. Bf2 {1-0 (61) Socko,B (2610)-Hillarp Persson,T (2548) Kusadasi 2006 CBM 113 [Kritz,Leonid]}) 14... Nf6 15. f4 Nh5 16. f5 (16. fxe5 Nxg3 17. hxg3 dxe5 $11) 16... Nxg3 17. hxg3 Bc8 18. Bc4 Bb7 19. Qe2 Be7 20. Qh5 Rf8 21. Rd3 {[%emt 0:02:04] White is much more active. The black rooks are badly placed.} Qc7 22. Rhd1 Rd8 23. Bb3 Bf6 24. Na4 Ke7 25. a3 $36 {[%emt 0:11:25][%mdl 2048] White has the initiative.} a5 26. Bc4 d5 {[%emt 0:15:56] Black is on the road to losing.} (26... Ba8 $14) 27. exd5 $16 cxd5 28. Bxd5 {[%emt 0:01:11] Black must now prevent Rc3.} Bxd5 (28... e4 $16 {was called for.} 29. Qe2 Rfe8) 29. Rxd5 $18 Rxd5 30. Rxd5 Qc4 {[%emt 0:01:00] [#]} (30... Rb8 {was worth a try.}) 31. Rd7+ $3 Ke8 {[%emt 0:00:06] [#]} 32. b3 {[%emt 0:00:53] Dancing on a razor blade.} ({But not} 32. Nb6 $6 Qc6) 32... Qf1+ 33. Rd1 Qxg2 34. Nc5 Qc6 35. Nd7 {[%emt 0:04:01] Qe2 is the strong threat.} e4 36. Qe2 (36. Nxf8 Qc3 37. Rd8+ Kxd8 38. Qd1+ Bd4 39. Ne6+ fxe6) 36... Rg8 $2 (36... Ke7 37. Nxf8 Kxf8) 37. Qe3 {[%emt 0:00:10] aiming for Qa7.} Be7 38. Ne5 Qa8 39. Qb6 {[%emt 0:00:33] White mates.} Bxa3 40. Qc7 Be7 41. Qc4 {[%emt 0:03:55] Weighted Error Value: White=0.07 (flawless) /Black=0.45} 1-0

[Event "Croatian 1A League 2022"]
[Site "Porec"]
[Date "2022.09.25"]
[Round "2.8"]
[White "Stevic, Hrvoje"]
[Black "Bernadskiy, Vitaliy"]
[Result "1/2-1/2"]
[ECO "C47"]
[WhiteElo "2565"]
[BlackElo "2558"]
[Annotator "RC"]
[PlyCount "39"]
[EventDate "2022.09.24"]
[EventType "team-tourn"]
[EventCountry "CRO"]
[SourceTitle "playchess.com"]
[Source "ChessBase"]
[SourceQuality "1"]
[TimeControl "40/5400+30:1800+30"]

1. e4 e5 2. Nf3 Nc6 3. Nc3 Nf6 4. d4 exd4 5. Nxd4 Bb4 6. Nxc6 bxc6 7. Bd3 O-O 8. O-O d5 9. Bd2 a5 10. Re1 Bg4 11. Qc1 Re8 12. a3 Bxc3 13. Bxc3 dxe4 14. Bxf6 Qxf6 15. Bxe4 Rad8 16. c3 h5 17. Qc2 Re5 18. Re3 g6 19. Rae1 Kg7 20. h3 1/2-1/2

[Event "Croatian 1A League 2022"]
[Site "Porec"]
[Date "2022.09.25"]
[Round "2.9"]
[White "Lalic, Bogdan"]
[Black "Palac, Mladen"]
[Result "1/2-1/2"]
[ECO "D38"]
[WhiteElo "2393"]
[BlackElo "2516"]
[Annotator "TA"]
[PlyCount "49"]
[EventDate "2022.09.24"]
[EventType "team-tourn"]
[EventCountry "CRO"]
[SourceTitle "playchess.com"]
[Source "ChessBase"]
[SourceQuality "1"]
[TimeControl "40/5400+30:1800+30"]

1. d4 Nf6 2. c4 e6 3. Nf3 d5 4. Nc3 Bb4 5. Bg5 Nbd7 6. cxd5 exd5 7. Qc2 O-O 8. a3 {[%emt 0:00:11] D38: Queen's Gambit Declined: Ragozin Defence (4 Nf3 Bb4).} Bxc3+ {[%emt 0:00:10] The position is equal.} 9. Qxc3 h6 $1 {[%emt 0:00:03] 9...h6 is better than 9...c6.} 10. Bh4 c6 11. e3 Qe8 12. Nd2 Ne4 13. Nxe4 Qxe4 14. Bg3 Nf6 15. Qd3 {[%emt 0:00:35] [#] A rather calm draw.  Weighted Error Value: White=0.08 (flawless) /Black=0.04 (flawless)} {Predecessor:} Bf5 $146 16. Qxe4 Nxe4 17. Rc1 Rfe8 18. Be2 Rac8 19. Bf3 a5 20. b3 f6 21. Bxe4 Bxe4 22. f3 Bf5 23. Kd2 a4 24. b4 g5 25. Rc3 {½-½ (25) Neven,K (2332)-Scheffner,A (2426) IECG email 2000} 1/2-1/2

[Event "Croatian 1A League 2022"]
[Site "Porec"]
[Date "2022.09.25"]
[Round "2.10"]
[White "Petkov, Vladimir"]
[Black "Zaja, Ivan"]
[Result "1/2-1/2"]
[ECO "E18"]
[WhiteElo "2451"]
[BlackElo "2417"]
[Annotator "TA"]
[PlyCount "23"]
[EventDate "2022.09.24"]
[EventType "team-tourn"]
[EventCountry "CRO"]
[SourceTitle "playchess.com"]
[Source "ChessBase"]
[SourceQuality "1"]
[TimeControl "40/5400+30:1800+30"]

1. d4 Nf6 2. c4 e6 3. Nf3 b6 4. g3 Bb7 5. Bg2 Be7 6. O-O O-O 7. Nc3 Ne4 8. Bd2 Nxd2 9. Qxd2 d6 10. Rad1 {[%emt 0:03:20] E18: Queen's Indian: Old Main Line (4 g3 Bb7 5 Bg2 Be7 6 0-0 0-0 7 Nc3).} Nd7 11. e4 Bf6 {[%emt 0:06:35] [#]} 12. Qe2 $146 {[%emt 0:16:29] Weighted Error Value: White=0.08 (flawless) /Black=0.08 (flawless)} ({Predecessor:} 12. h4 e5 13. Rfe1 Re8 14. b3 g6 15. h5 Kg7 16. Nd5 Bxd5 17. cxd5 exd4 18. Nxd4 Bxd4 {0-1 (87) Sarana,A (2654)-Skliarov,V (2376) Chess.com INT 2020}) 1/2-1/2

[Event "Croatian 1A League 2022"]
[Site "Porec"]
[Date "2022.09.25"]
[Round "2.11"]
[White "Kovacevic, Blazimir"]
[Black "Zelcic, Robert"]
[Result "0-1"]
[ECO "E48"]
[WhiteElo "2405"]
[BlackElo "2495"]
[Annotator "RC"]
[PlyCount "130"]
[EventDate "2022.09.24"]
[EventType "team-tourn"]
[EventCountry "CRO"]
[SourceTitle "playchess.com"]
[Source "ChessBase"]
[SourceQuality "1"]
[TimeControl "40/5400+30:1800+30"]

1. d4 Nf6 2. c4 e6 3. Nc3 Bb4 4. e3 c5 5. Bd3 O-O 6. Nge2 d5 7. cxd5 cxd4 8. exd4 Nxd5 9. O-O Nf6 10. Bg5 Be7 11. Bc2 Nc6 12. a3 g6 13. Bb3 Re8 14. Rc1 Nd5 15. Bxe7 Ncxe7 16. Qd2 b6 17. Nf4 Nxc3 18. Qxc3 Nf5 19. Rfd1 Bb7 20. Qc7 Re7 21. Qe5 Qd6 22. Bc2 Rd8 23. Bxf5 exf5 24. Qxd6 Rxd6 25. h4 Kg7 26. Rc3 a5 27. f3 Red7 28. Rcd3 Ba6 29. R3d2 Bc4 30. d5 h6 31. Rd4 b5 32. R1d2 g5 33. hxg5 hxg5 34. Nh3 Kg6 35. a4 Re7 36. Kf2 f4 37. axb5 Bxb5 38. Rc2 a4 39. Ng1 Red7 40. Rc5 Rb7 41. Rb4 Ba6 42. Rxb7 Bxb7 43. Ra5 Rxd5 44. Rxa4 Rd2+ 45. Kf1 Rxb2 46. Nh3 Bc8 47. Ra8 Rc2 48. Kg1 f6 49. Rb8 Be6 50. Nf2 Rc6 51. Kh2 Rc2 52. Kg1 Rc1+ 53. Kh2 Rf1 54. Rb2 Ra1 55. Rd2 Ra4 56. Rd6 Kf7 57. Rd2 f5 58. Nh3 Kf6 59. Rd6 g4 60. Ng5 Kxg5 61. Rxe6 Ra2 62. fxg4 fxg4 63. Kg1 Ra1+ 64. Kf2 g3+ 65. Ke2 Rg1 0-1

[Event "Croatian 1A League 2022"]
[Site "Porec"]
[Date "2022.09.25"]
[Round "2.12"]
[White "Jankovic, Alojzije"]
[Black "Loncar, Robert"]
[Result "1-0"]
[ECO "D26"]
[WhiteElo "2548"]
[BlackElo "2367"]
[Annotator "RC"]
[PlyCount "79"]
[EventDate "2022.09.24"]
[EventType "team-tourn"]
[EventCountry "CRO"]
[SourceTitle "playchess.com"]
[Source "ChessBase"]
[SourceQuality "1"]
[TimeControl "40/5400+30:1800+30"]

1. d4 d5 2. c4 dxc4 3. e3 Nf6 4. Bxc4 e6 5. Nf3 a6 6. O-O Be7 7. Qe2 b5 8. Bd3 Nbd7 9. a4 Bb7 10. e4 bxa4 11. Nc3 c5 12. d5 e5 13. Nd2 O-O 14. Nc4 Ne8 15. Nxa4 Nd6 16. Bd2 Nxc4 17. Bxc4 Bd6 18. b3 Qh4 19. Nb2 Nf6 20. f3 a5 21. Bxa5 Nh5 22. Nd3 f5 23. Be1 Qg5 24. Rxa8 Rxa8 25. f4 Nxf4 26. Nxf4 exf4 27. e5 Re8 28. Bc3 Kf8 29. Qf2 Bxe5 30. Qxc5+ Kf7 31. Bxe5 Rxe5 32. Qb6 Re7 33. d6+ Ke8 34. Bb5+ Kf7 35. Bc4+ Ke8 36. Qb5+ Rd7 37. Re1+ Kf8 38. Re2 f3 39. Qxd7 f2+ 40. Rxf2 1-0

[Event "Croatian 1A League 2022"]
[Site "Porec"]
[Date "2022.09.25"]
[Round "2.13"]
[White "Motylev, Alexander"]
[Black "Kadric, Denis"]
[Result "1/2-1/2"]
[ECO "C42"]
[WhiteElo "2635"]
[BlackElo "2561"]
[Annotator "TA"]
[PlyCount "31"]
[EventDate "2022.09.24"]
[EventType "team-tourn"]
[EventCountry "CRO"]
[SourceTitle "playchess.com"]
[Source "ChessBase"]
[SourceQuality "1"]
[TimeControl "40/5400+30:1800+30"]

1. e4 e5 2. Nf3 Nf6 3. Nxe5 d6 4. Nf3 Nxe4 5. Nc3 Nf6 6. d4 Be7 7. Bd3 O-O 8. O-O {[%emt 0:00:09] C42: Petroff Defence: 3 Nxe5 and unusual White 3rd moves.} Re8 $1 {[%emt 0:00:39][%mdl 4] is now more promising than 8...Bg4.} 9. h3 Nbd7 10. Ne2 {[%emt 0:03:16] White has an edge.} b6 $5 {[%emt 0:00:25][%mdl 4] An interesting side line.} 11. Ng3 Bb7 12. Re1 {[%emt 0:06:23] [#]} Bf8 $5 $146 {[%emt 0:02:36][%mdl 8] The position is equal. New and interesting.} ({Predecessor:} 12... g6 13. c4 c5 14. d5 b5 15. b3 Qb6 16. a4 bxc4 17. bxc4 Bf8 18. a5 Qc7 {1-0 (39) Tirto (2328)-Sinurat,T (2249) Jakarta 2013}) 13. Rxe8 Qxe8 14. Bf4 g6 15. c4 Bg7 16. Rc1 {[%emt 0:19:07] Weighted Error Value: White=0.09 (flawless) /Black=0.01 (flawless)} 1/2-1/2

[Event "Croatian 1A League 2022"]
[Site "Porec"]
[Date "2022.09.25"]
[Round "2.14"]
[White "Saric, Ibro"]
[Black "Postny, Evgeny"]
[Result "1/2-1/2"]
[ECO "D94"]
[WhiteElo "2542"]
[BlackElo "2573"]
[Annotator "TA"]
[PlyCount "43"]
[EventDate "2022.09.24"]
[EventType "team-tourn"]
[EventCountry "CRO"]
[SourceTitle "playchess.com"]
[Source "ChessBase"]
[SourceQuality "1"]
[TimeControl "40/5400+30:1800+30"]

1. d4 d5 2. c4 c6 3. Nc3 Nf6 4. e3 g6 5. Nf3 Bg7 6. cxd5 cxd5 7. Bb5+ Bd7 8. Qb3 Bxb5 9. Qxb5+ Qd7 {[%emt 0:00:22] D94: Grünfeld: 4 Nf3 Bg7 5 e3.} 10. Ne5 Qxb5 11. Nxb5 {[%emt 0:00:06] [#] Threatens to win with Nc7+.} Na6 {[%emt 0:00:08] Against Nc7+. White is slightly better.} 12. Bd2 (12. Ke2 {keeps more tension.} Ne4 13. f3 Nec5 14. Bd2) 12... Nd7 13. Nd3 {[%emt 0:01:41] White is much more active. The black rooks are badly placed.} Nb6 {[%emt 0:38:59] [#]} 14. Rc1 $146 ({Predecessor:} 14. b3 Kd7 15. Rc1 e6 16. Ke2 f6 17. Ba5 Bf8 18. Nxa7 Nc4 19. bxc4 Rxa7 20. Bb6 {1-0 (78) Paschall,W (2371)-Li,B (2383) Balatonlelle 2017}) 14... Kd7 15. Ke2 Rhc8 16. Rxc8 Nxc8 17. Rc1 Nd6 18. Nxd6 Kxd6 19. a4 Kd7 20. f3 Rc8 21. Rxc8 Kxc8 22. Be1 {[%emt 0:00:47] Weighted Error Value: White=0.17 (very precise) /Black=0.10 (very precise)} 1/2-1/2

[Event "Croatian 1A League 2022"]
[Site "Porec"]
[Date "2022.09.25"]
[Round "2.15"]
[White "Bosiocic, Marin"]
[Black "Saric, Ante"]
[Result "1-0"]
[ECO "E17"]
[WhiteElo "2548"]
[BlackElo "2510"]
[Annotator "TA"]
[PlyCount "137"]
[EventDate "2022.09.24"]
[EventType "team-tourn"]
[EventCountry "CRO"]
[SourceTitle "playchess.com"]
[Source "ChessBase"]
[SourceQuality "1"]
[TimeControl "40/5400+30:1800+30"]

1. Nf3 Nf6 2. g3 d5 3. Bg2 e6 4. O-O Be7 5. c4 O-O 6. b3 b6 7. Bb2 Bb7 8. cxd5 Nxd5 9. d4 Nd7 10. Nc3 Nxc3 11. Bxc3 c5 12. Rc1 Rc8 {[%emt 0:02:57] E17: Queen's Indian: 4 g3 Bb7 5 Bg2 Be7.} 13. Bb2 {[%emt 0:00:37] [#]} Bf6 $146 ({Predecessor:} 13... Nf6 14. Qd3 Be4 15. Qe3 Qd5 16. Rfd1 Qb7 17. Ne1 Bxg2 18. Nxg2 h6 19. Nf4 cxd4 20. Bxd4 Rxc1 21. Rxc1 {1-0 (54) Koneru,H (2586)-Hou,Y (2658) Chess.com INT 2020}) 14. e3 Rc7 {[%emt 0:13:00] The position is equal.} 15. Ba3 Qc8 16. Re1 Rd8 17. Qc2 Qa8 18. e4 (18. Qe2 $11) 18... Rcc8 $17 19. Qe2 Bxd4 (19... cxd4 $142 20. Nd2 Rc3) 20. Nxd4 cxd4 21. Be7 Re8 22. Bd6 Rc6 23. Rxc6 Bxc6 24. f3 e5 25. Rc1 Nf8 (25... Re6 $5 26. Ba3 a5 $15) 26. Qc4 Bd7 27. Qd5 Qxd5 28. exd5 f6 29. Bf1 Rc8 30. Bc7 b5 31. Rc5 a6 32. Bd3 Kf7 33. b4 Ke7 34. f4 exf4 35. gxf4 Kf7 36. Kf2 Re8 {[%emt 0:00:38] Hoping for ...Re3.} 37. Bd6 {[%emt 0:01:55] And now Rc7 would win.} Re3 38. Bc2 ({White should try} 38. Bb1 $1 $11 Bg4 39. Rc7+ Kg8 40. Ra7) 38... Rc3 (38... Ng6 $1 $15) 39. Rxc3 $11 dxc3 {[%emt 0:00:01][%mdl 4096] Endgame KBB-KBN} 40. Ke3 Ng6 41. Kd4 Ne7 42. Bxe7 Kxe7 43. Bxh7 $14 {[%emt 0:00:29] KB-KB} Kd6 44. Be4 g5 $2 {[%emt 0:10:38] A mistake that costs the game.} ({Better is} 44... Be8 $14) 45. Kxc3 $18 gxf4 $2 (45... Bc8 46. fxg5 fxg5) 46. Bf3 {[%emt 0:00:54] Kd4 is the strong threat.} Bh3 (46... Ke5 $142 47. h4 Bf5) 47. Kd4 f5 48. Bh1 Bg4 49. h4 Be2 50. a3 Bh5 51. Kd3 $1 Bg4 {[%emt 0:04:37] [#]} 52. Kd2 $1 Bh5 {[%emt 0:02:48] [#]} 53. Ke1 $1 Ke5 54. Kf2 Be8 55. Bf3 Bg6 56. Ke2 Bf7 57. h5 Be8 58. h6 {[%emt 0:01:00] White wants to mate with h7.} Bg6 59. Kf2 Kf6 60. d6 {[%emt 0:01:01] White mates.} Ke6 61. Bb7 a5 62. bxa5 Kxd6 63. Kf3 Kc7 64. a6 Kb6 65. Kxf4 Bh7 66. Bc8 Bg8 67. Kxf5 Bh7+ 68. Kf6 Be4 69. Bf5 {[%emt 0:01:30] Weighted Error Value: White=0.19 (very precise) /Black=0.41} 1-0